[Event "Titled Tuesday Blitz October 31 Early 2023"]
[White "Szpar, Milosz"]
[Black "chessculator16"]
[WhiteFideId "1184989"]
[WhiteElo "2704"]
[BlackElo "2328"]
[Result "1-0"]
[Round "2"]
[TimeControl "180+1"]
[Date "2023.10.31"]
[WhiteClock "0:00:13"]
[BlackClock "0:01:04"]
[Board "78"]

1. Nf3 d5 2. e3 c6 3. c4 Nf6 4. Nc3 Bg4 5. cxd5 cxd5 6. Qb3 Bxf3 7. Qxb7 Bxg2 8. Bxg2 Nbd7 9. Nxd5 Nxd5 10. Qxd5 Rc8 11. O-O e6 12. Qb5 Bd6 13. f4 O-O 14. b3 e5 15. f5 e4 16. Qd5 Be5 17. Ba3 Qh4 18. h3 Qg3 19. Qxe4 Rfe8 20. Qf3 Qxf3 21. Bxf3 Bxa1 22. Rxa1 Ne5 23. Be4 Rcd8 24. Bb4 g6 25. Bc3 gxf5 26. Bxf5 Ng6 27. Kf2 Rd5 28. e4 Rc5 29. Rg1 Rd8 30. h4 Kf8 31. Bb4 Rc8 32. d4 Ke8 33. Bxc5 Rc7 34. h5 Ne7 35. Bxe7 Kxe7 36. Kf3 Rc3+ 37. Kf4 Rc2 38. d5 Rf2+ 39. Ke3 Rxa2 40. Rd1 Rb2 41. d6+ Kd8 42. Rc1 Rxb3+ 43. Kf4 Rb8 44. Rg1 1-0


[Site "https://www.chess.com"]

[Event "Titled Tuesday Blitz October 31 Early 2023"]
[White "Soumya, Swaminathan"]
[Black "Ovetchkin, Roman"]
[WhiteFideId "5016193"]
[BlackFideId "4119991"]
[WhiteElo "2325"]
[BlackElo "2702"]
[Result "1-0"]
[Round "2"]
[TimeControl "180+1"]
[Date "2023.10.31"]
[WhiteClock "0:00:04"]
[BlackClock "0:00:00"]
[Board "79"]

1. e4 c6 2. d4 d5 3. e5 Bf5 4. c4 e6 5. Nc3 Ne7 6. h3 Nd7 7. Nf3 dxc4 8. Bxc4 Nb6 9. Bd3 Bxd3 10. Qxd3 Ned5 11. O-O Be7 12. Ne4 h6 13. Bd2 a5 14. Rac1 a4 15. Nc5 Bxc5 16. dxc5 Nd7 17. b4 axb3 18. axb3 Qe7 19. b4 O-O 20. Qe4 Ra4 21. Nd4 Rfa8 22. Rb1 Nf8 23. Rfc1 Ng6 24. g3 Qc7 25. f4 Nge7 26. g4 Ra3 27. Kg2 Ra2 28. Rc2 Qd7 29. Rbb2 Rxb2 30. Rxb2 Rd8 31. Nf3 Nc7 32. Ra2 Nb5 33. Ra5 Qd5 34. Qxd5 Nxd5 35. Ra2 f6 36. exf6 gxf6 37. Kf2 Kf7 38. f5 exf5 39. gxf5 Ne7 40. Bxh6 Nxf5 41. Bf4 Rd3 42. Rd2 Rb3 43. Rd7+ Ke6 44. Rxb7 Rxb4 45. Rb6 Rxf4 46. Rxc6+ Kf7 47. Ke2 Nbd4+ 48. Nxd4 Nxd4+ 49. Ke3 Nxc6 50. Kxf4 Nd4 51. Ke4 Ne6 52. Kd5 1-0


[Site "https://www.chess.com"]

[Event "Titled Tuesday Blitz October 31 Early 2023"]
[White "Morrison, Graham"]
[Black "Nagare Kaivalya Sandip"]
[WhiteFideId "2400090"]
[BlackFideId "25957929"]
[WhiteElo "2324"]
[BlackElo "2698"]
[Result "0-1"]
[Round "2"]
[TimeControl "180+1"]
[Date "2023.10.31"]
[WhiteClock "0:00:00"]
[BlackClock "0:00:28"]
[Board "80"]

1. d4 Nf6 2. c4 g6 3. Nc3 Bg7 4. e4 d6 5. Nf3 O-O 6. Be2 e5 7. O-O Nc6 8. d5 Ne7 9. b4 a5 10. bxa5 Rxa5 11. a4 c5 12. Re1 Nh5 13. Bf1 h6 14. Ra3 f5 15. exf5 Nxf5 16. Ne4 Nf6 17. Bd3 g5 18. Nxf6+ Qxf6 19. Be4 Nd4 20. Qd2 Ra8 21. Nxd4 exd4 22. Rf3 Qd8 23. Rxf8+ Qxf8 24. a5 Bd7 25. Bb2 Re8 26. Bd3 Bf6 27. Rxe8 Qxe8 28. h3 Kg7 29. Bc1 Bd8 30. h4 Qe5 31. hxg5 hxg5 32. g3 Bf5 33. Bxf5 Qxf5 34. Kg2 Qe4+ 35. f3 Qe8 36. g4 Qa4 37. Kg3 Qxc4 38. Qb2 Qxd5 39. Qb5 Qe5+ 40. Kh3 Qd5 41. Qd7+ Qf7 42. Qxd8 Qxf3+ 43. Kh2 Qf2+ 44. Kh3 Qf1+ 45. Kg3 Qg1+ 46. Kf3 Qh1+ 47. Kg3 Qe1+ 0-1


[Site "https://www.chess.com"]

[Event "Titled Tuesday Blitz October 31 Early 2023"]
[White "Harriott, Tyrell"]
[Black "Priasmoro, Novendra"]
[WhiteFideId "2086484"]
[BlackFideId "7105029"]
[WhiteElo "2322"]
[BlackElo "2696"]
[Result "0-1"]
[Round "2"]
[TimeControl "180+1"]
[Date "2023.10.31"]
[WhiteClock "0:00:04"]
[BlackClock "0:00:11"]
[Board "81"]

1. d4 Nf6 2. e3 g6 3. Bd3 Bg7 4. f4 d6 5. Nf3 O-O 6. O-O Nc6 7. e4 e5 8. d5 Nb4 9. fxe5 dxe5 10. c4 a5 11. Nc3 Nxd3 12. Qxd3 Nd7 13. Be3 b6 14. Kh1 h6 15. Qd2 Kh7 16. Rae1 Ba6 17. b3 Qe7 18. Nb5 Nc5 19. Rd1 Nxe4 20. Qc1 Nd6 21. Nc3 f5 22. Bg1 Rae8 23. Rfe1 Qd7 24. Re2 Nb7 25. Rde1 Qd6 26. Qc2 Nc5 27. Bxc5 bxc5 28. Nd1 e4 29. Ng1 Bc8 30. Qd2 a4 31. bxa4 Bd7 32. Nc3 Ra8 33. Nb5 Bxb5 34. axb5 Ra4 35. Qc2 Rfa8 36. Qb3 Rb4 37. Qc2 Raa4 38. Qd1 Rxc4 39. Rd2 Bc3 40. Ne2 Bxd2 41. Qxd2 Ra3 42. h3 Rd3 43. Qb2 Rb4 44. Qa1 e3 45. Kg1 Rd2 46. a4 Qxd5 47. Qf6 Qd7 48. g3 Rd6 49. Qe5 Re6 50. Qa1 Qd6 51. a5 Rxb5 52. a6 Qxa6 53. Qc1 Rb4 54. Qd1 Qd6 55. Qc1 Rd4 56. Qb1 Rd2 57. Qa1 Rxe2 58. Rxe2 Qxg3+ 59. Kh1 Qf3+ 60. Rg2 e2 61. Qa7 e1=Q+ 62. Kh2 Qf4+ 63. Rg3 Qfxg3# 0-1


[Site "https://www.chess.com"]

[Event "Titled Tuesday Blitz October 31 Early 2023"]
[White "Luxama, Jacques Muller"]
[Black "Goldin, Alexander"]
[WhiteFideId "11900113"]
[BlackFideId "2019540"]
[WhiteElo "2318"]
[BlackElo "2690"]
[Result "1/2-1/2"]
[Round "2"]
[TimeControl "180+1"]
[Date "2023.10.31"]
[WhiteClock "0:00:03"]
[BlackClock "0:00:14"]
[Board "82"]

1. e4 e5 2. Nf3 Nc6 3. Bc4 Be7 4. O-O Nf6 5. d3 O-O 6. Nc3 d6 7. a4 a5 8. h3 Be6 9. Bg5 h6 10. Bxf6 Bxf6 11. Nd5 g6 12. c3 Bg7 13. Qb3 Rb8 14. Rad1 Qd7 15. Kh2 Kh7 16. d4 exd4 17. Nxd4 Bxd5 18. Bxd5 Bxd4 19. cxd4 Nb4 20. e5 dxe5 21. dxe5 Qe7 22. f4 c6 23. Be4 Rbd8 24. Kh1 Kg7 25. Qc3 Kg8 26. Qg3 Rxd1 27. Rxd1 Rd8 28. Rxd8+ Qxd8 29. e6 Qf6 30. exf7+ Kxf7 31. b3 Kg7 32. f5 g5 33. Qc7+ Kf8 34. Qb8+ Ke7 35. Qxb7+ Kd6 36. Qb8+ Kc5 37. Qa7+ Kd6 38. Qxa5 Qa1+ 39. Kh2 Qd4 40. Bf3 Qf4+ 41. Kg1 Qe3+ 42. Kh2 Nd3 43. Qd8+ Kc5 44. Qf8+ Kb6 45. Qb8+ Ka5 46. Qa8+ Kb4 47. Qxc6 Qe5+ 48. Kg1 Qe1+ 49. Kh2 Qe5+ 50. Kg1 Qd4+ 51. Kh2 Qe5+ 1/2-1/2


[Site "https://www.chess.com"]

[Event "Titled Tuesday Blitz October 31 Early 2023"]
[White "CuteSheepCloud"]
[Black "Antonio, Jorge Carlos"]
[BlackFideId "113190"]
[WhiteElo "2688"]
[BlackElo "2317"]
[Result "1-0"]
[Round "2"]
[TimeControl "180+1"]
[Date "2023.10.31"]
[WhiteClock "0:00:55"]
[BlackClock "0:00:00"]
[Board "83"]

1. e4 c5 2. Nf3 e6 3. Nc3 Nc6 4. d4 cxd4 5. Nxd4 a6 6. Be2 Bb4 7. O-O Bxc3 8. bxc3 Nf6 9. Nxc6 bxc6 10. e5 Nd5 11. Bd3 a5 12. Ba3 Ba6 13. Qg4 g6 14. c4 Nb4 15. Rad1 O-O 16. c3 Nxd3 17. Bxf8 Nxe5 18. Qd4 Nf3+ 19. gxf3 Qxf8 20. Qxd7 Bxc4 21. Rfe1 Bd5 22. c4 Bxf3 23. Rd3 Bg4 24. Qxc6 Bf5 25. Rd7 Rc8 26. Qb5 Qh6 27. Qe5 Qg5+ 28. Qg3 Qf6 29. Rc7 Rb8 30. Rxf7 Qxf7 31. Qxb8+ Kg7 32. Qe5+ Kh6 33. c5 Qb7 34. Qe3+ Kg7 35. Qc3+ Kh6 36. c6 Qc7 37. Rd1 e5 38. Rd7 Bxd7 39. Qd2+ Kg7 40. cxd7 Qd8 41. Qd6 Kf7 42. a4 1-0


[Site "https://www.chess.com"]

[Event "Titled Tuesday Blitz October 31 Early 2023"]
[White "Guzman Moneo, Alberto"]
[Black "BashirovKemal"]
[WhiteFideId "2209616"]
[WhiteElo "2292"]
[BlackElo "2687"]
[Result "1-0"]
[Round "2"]
[TimeControl "180+1"]
[Date "2023.10.31"]
[WhiteClock "0:00:04"]
[BlackClock "0:00:02"]
[Board "84"]

1. e4 c5 2. Nc3 d6 3. f4 Nc6 4. Nf3 g6 5. Bb5 Bg7 6. O-O e6 7. d3 Ne7 8. Qe1 O-O 9. Qh4 Nd4 10. Nxd4 Bxd4+ 11. Kh1 a6 12. Ba4 b5 13. Bb3 Bb7 14. f5 exf5 15. Bg5 Re8 16. exf5 d5 17. f6 Qd6 18. Qh6 Nf5 19. Rxf5 Qf8 20. Qxf8+ Kxf8 21. Rxd5 Bxd5 22. Bxd5 Rad8 23. Be4 Re5 24. h4 b4 25. Na4 c4 26. Re1 Rde8 27. g3 Bf2 28. Rf1 Bd4 29. Nb6 Bxb6 30. Kg2 cxd3 31. cxd3 Rc8 32. Kf3 Rc2 33. d4 Bxd4 34. Bxc2 Bxb2 35. Bb3 Rc5 36. Rd1 Rc3+ 37. Kg2 Rc8 38. Rd7 Ke8 39. Rxf7 h6 40. Re7+ Kd8 41. Bxh6 Bxf6 42. Rf7 Be7 43. Bg5 Bxg5 44. hxg5 Rc3 45. Rf6 a5 46. Rxg6 Rd3 47. Ba4 Ra3 48. Bb3 a4 49. Bf7 Ke7 50. Bg8 Kf8 51. Bd5 Rd3 52. Rf6+ Ke7 53. Bc6 Rd2+ 54. Kh3 Rxa2 55. Rf4 b3 56. Bxa4 b2 57. Bc2 Ra1 58. Rb4 Rh1+ 59. Kg2 Rh5 60. Rxb2 Rxg5 61. Rb4 Re5 62. Re4 1-0


[Site "https://www.chess.com"]

[Event "Titled Tuesday Blitz October 31 Early 2023"]
[White "Amilal Munkhdalai"]
[Black "alfianasybullina"]
[WhiteFideId "4903250"]
[WhiteElo "2685"]
[BlackElo "2286"]
[Result "1-0"]
[Round "2"]
[TimeControl "180+1"]
[Date "2023.10.31"]
[WhiteClock "0:01:06"]
[BlackClock "0:00:24"]
[Board "85"]

1. e4 e6 2. d4 d5 3. Nd2 a6 4. c3 c5 5. exd5 Qxd5 6. Ngf3 cxd4 7. Nxd4 Nf6 8. Bc4 Qd7 9. O-O Qc7 10. Bb3 Bd6 11. N2f3 O-O 12. Qc2 Nc6 13. Nxc6 Qxc6 14. Rd1 e5 15. Bg5 Bc7 16. h3 Be6 17. Bxf6 gxf6 18. Nh4 Kh8 19. Qe2 Rg8 20. Bc2 Bxh3 21. Be4 Qe6 22. Qh5 Rg7 23. Nf5 Bxf5 24. Bxf5 Qc6 25. g3 e4 26. Rd7 e3 27. Rxf7 exf2+ 28. Kh2 Bxg3+ 29. Kh3 Rag8 30. Qxh7+ Rxh7+ 31. Rxh7# 1-0


[Site "https://www.chess.com"]

[Event "Titled Tuesday Blitz October 31 Early 2023"]
[White "Leiva, Gianmarco"]
[Black "hsd2016"]
[WhiteFideId "3804399"]
[WhiteElo "2680"]
[BlackElo "2275"]
[Result "1-0"]
[Round "2"]
[TimeControl "180+1"]
[Date "2023.10.31"]
[WhiteClock "0:01:07"]
[BlackClock "0:00:41"]
[Board "86"]

1. e4 c5 2. Nf3 e6 3. g3 Nc6 4. Bg2 Nf6 5. Qe2 b6 6. O-O Bb7 7. c3 Be7 8. d4 cxd4 9. cxd4 d5 10. e5 Ne4 11. Nc3 Nxc3 12. bxc3 Rc8 13. h4 Na5 14. Bd2 Nc4 15. Bg5 Ba6 16. a4 h6 17. Bxe7 Qxe7 18. Rfc1 O-O 19. Bf1 f6 20. Qe1 fxe5 21. Bxc4 Bxc4 22. Nxe5 Rf6 23. Qe3 Ba6 24. a5 b5 25. Rab1 Rcf8 26. Rc2 Rf5 27. Ng6 Qf6 28. Nxf8 Qxf8 29. Qxe6+ Kh8 30. Qxa6 1-0


[Site "https://www.chess.com"]

[Event "Titled Tuesday Blitz October 31 Early 2023"]
[White "Mora Moron, Jose Ramon"]
[Black "Mendez Fortes, Eduardo Jesus"]
[WhiteFideId "3902994"]
[BlackFideId "3502376"]
[WhiteElo "2270"]
[BlackElo "2679"]
[Result "0-1"]
[Round "2"]
[TimeControl "180+1"]
[Date "2023.10.31"]
[WhiteClock "0:00:20"]
[BlackClock "0:00:41"]
[Board "87"]

1. e4 c5 2. Nf3 d6 3. d4 cxd4 4. Nxd4 Nf6 5. Nc3 a6 6. Bc4 e6 7. Bb3 Be7 8. O-O b5 9. f4 Nbd7 10. Qe2 Nc5 11. Kh1 Nxb3 12. axb3 Bb7 13. b4 O-O 14. f5 e5 15. Nb3 d5 16. Na5 Bc8 17. Nc6 Qc7 18. Nxe7+ Qxe7 19. Bg5 Bb7 20. exd5 Qxb4 21. Bxf6 gxf6 22. Ne4 Kh8 23. c3 Qe7 24. Rad1 Rg8 25. Qh5 Rad8 26. d6 Qf8 27. Nxf6 Bxg2+ 28. Kg1 Bf3+ 29. Nxg8 Bxh5 30. Ne7 Bxd1 0-1


[Site "https://www.chess.com"]

[Event "Titled Tuesday Blitz October 31 Early 2023"]
[White "Sadykov, Ramil"]
[Black "ChessDojo"]
[WhiteFideId "24113590"]
[WhiteElo "2676"]
[BlackElo "2224"]
[Result "1-0"]
[Round "2"]
[TimeControl "180+1"]
[Date "2023.10.31"]
[WhiteClock "0:01:22"]
[BlackClock "0:01:42"]
[Board "88"]

1. d4 d5 2. Bf4 Nf6 3. Nc3 g6 4. Qd2 Bg7 5. Bh6 O-O 6. Bxg7 Kxg7 7. O-O-O c5 8. e3 Nc6 9. Bb5 Bf5 10. dxc5 a6 11. Bxc6 bxc6 12. Nge2 Rb8 13. Nd4 Ne4 14. Nxe4 Bxe4 15. Nxc6 Qc7 16. Nxb8 Rxb8 17. f3 Bf5 18. Qxd5 Qa5 19. Qe5+ f6 20. Qxb8 Qxc5 21. e4 Be6 22. Rd3 Qc4 23. Qb3 Qc6 24. Qa3 1-0


[Site "https://www.chess.com"]

[Event "Titled Tuesday Blitz October 31 Early 2023"]
[White "Kiseljova, Marya"]
[Black "Horobetz, Graham"]
[WhiteFideId "4155009"]
[BlackFideId "2047322"]
[WhiteElo "2219"]
[BlackElo "2675"]
[Result "1-0"]
[Round "2"]
[TimeControl "180+1"]
[Date "2023.10.31"]
[WhiteClock "0:00:05"]
[BlackClock "0:00:00"]
[Board "89"]

1. d4 Nf6 2. c4 g6 3. Nc3 Bg7 4. e4 d6 5. Be2 O-O 6. Bg5 c5 7. d5 e6 8. Nf3 exd5 9. exd5 h6 10. Bf4 Nh5 11. Be3 f5 12. O-O a6 13. a4 Nd7 14. Qc1 Kh7 15. Re1 Nhf6 16. h3 Ne4 17. Nxe4 fxe4 18. Nd2 Qh4 19. Qc2 Nf6 20. Bf1 Bf5 21. g3 Qh5 22. g4 Bxg4 23. hxg4 Nxg4 24. Bg2 Qh2+ 25. Kf1 Nxe3+ 26. Rxe3 Bd4 27. Rae1 Qf4 28. Nxe4 Bxe3 29. Rxe3 Rae8 30. Re2 Qe5 31. Ke1 Qg7 32. Ng3 Rxe2+ 33. Qxe2 Rf7 34. Kd1 Re7 35. Ne4 Qd4+ 36. Ke1 Kg7 37. f3 b5 38. axb5 axb5 39. Kf1 bxc4 40. Qf2 Qxd5 41. Nc3 Qd3+ 42. Kg1 d5 43. f4 d4 44. Nd5 Qd1+ 45. Kh2 Qh5+ 46. Kg1 Qd1+ 47. Kh2 Re2 48. Qh4 Qd2 49. Qf6+ Kg8 50. Qxg6+ Kf8 51. Qxh6+ Ke8 52. Qc6+ Kf7 53. Qf6+ 1-0


[Site "https://www.chess.com"]

[Event "Titled Tuesday Blitz October 31 Early 2023"]
[White "Ozates, Tuna"]
[Black "Mishra, Manoj"]
[WhiteFideId "6354521"]
[BlackFideId "5006007"]
[WhiteElo "2675"]
[BlackElo "2185"]
[Result "1-0"]
[Round "2"]
[TimeControl "180+1"]
[Date "2023.10.31"]
[WhiteClock "0:00:07"]
[BlackClock "0:00:13"]
[Board "90"]

1. c4 Nf6 2. Nc3 g6 3. e4 d6 4. g3 Bg7 5. Bg2 O-O 6. Nge2 e5 7. O-O c6 8. d3 Ng4 9. h3 Nh6 10. f4 f5 11. b4 a5 12. b5 fxe4 13. Nxe4 exf4 14. Bxf4 Bxa1 15. Qxa1 Nf5 16. Bg5 Qb6+ 17. Kh2 Nd7 18. g4 d5 19. cxd5 cxd5 20. N4c3 Ne3 21. Bxe3 Qxe3 22. Bxd5+ Kg7 23. Ne4+ Kh6 24. g5+ Kh5 25. N4g3+ Kh4 26. Rxf8 Ne5 27. Rf4+ Ng4+ 28. hxg4 Bxg4 29. Qf1 Kxg5 30. Ne4+ Kh5 31. Nf6+ Kh6 32. Nxg4+ Kg7 33. Nxe3 Re8 34. Rf7+ Kh6 35. Qh3+ Kg5 36. Qg4+ Kh6 37. Nf5+ gxf5 38. Rf6# 1-0


[Site "https://www.chess.com"]

[Event "Titled Tuesday Blitz October 31 Early 2023"]
[White "Harikrishnan.A.Ra"]
[Black "MIM06"]
[WhiteFideId "5081483"]
[WhiteElo "2668"]
[BlackElo "2184"]
[Result "1-0"]
[Round "2"]
[TimeControl "180+1"]
[Date "2023.10.31"]
[WhiteClock "0:00:54"]
[BlackClock "0:00:17"]
[Board "91"]

1. d4 Nf6 2. Nf3 e6 3. Bf4 b6 4. e3 Bb7 5. h3 Be7 6. c3 O-O 7. Nbd2 c5 8. Bh2 d5 9. Bd3 Nc6 10. O-O Rc8 11. Qe2 h6 12. Rad1 Bd6 13. Bxd6 Qxd6 14. dxc5 bxc5 15. e4 Ne5 16. Bb1 Nxf3+ 17. Nxf3 Qf4 18. exd5 Bxd5 19. Qe5 Qa4 20. b3 Qa5 21. Nh4 Qc7 22. Qxc7 Rxc7 23. c4 Be4 24. Bxe4 Nxe4 25. Nf3 a5 26. Rfe1 Nc3 27. Rd2 a4 28. Rc2 axb3 29. axb3 Rb8 30. Rxc3 Rcb7 31. Re5 Rxb3 32. Rxb3 Rxb3 33. Rxc5 Rb1+ 34. Kh2 Rb2 35. Rc8+ Kh7 36. Rc7 Rxf2 37. Rxf7 Rc2 38. Rf4 Kg6 39. Ne5+ Kh7 40. Nd7 g5 41. Re4 Kg6 42. Rxe6+ Kf7 43. Re4 Kg6 44. c5 Kf5 1-0


[Site "https://www.chess.com"]

[Event "Titled Tuesday Blitz October 31 Early 2023"]
[White "DonCiao"]
[Black "Yen, William"]
[BlackFideId "30932025"]
[WhiteElo "2139"]
[BlackElo "2667"]
[Result "0-1"]
[Round "2"]
[TimeControl "180+1"]
[Date "2023.10.31"]
[WhiteClock "0:00:00"]
[BlackClock "0:00:19"]
[Board "92"]

1. c4 e5 2. g3 Nc6 3. Nc3 Bc5 4. Bg2 d6 5. e3 a6 6. Nge2 Ba7 7. d4 h5 8. b4 h4 9. b5 axb5 10. cxb5 Nce7 11. dxe5 dxe5 12. Qxd8+ Kxd8 13. Bb2 hxg3 14. hxg3 Rxh1+ 15. Bxh1 Nf6 16. O-O-O+ Ke8 17. Ne4 Nxe4 18. Bxe4 f6 19. Nc3 Bc5 20. Kb1 Ra7 21. Rd3 b6 22. f4 f5 23. Bc6+ Nxc6 24. bxc6 e4 25. Rd5 Bxe3 26. Re5+ Kf7 27. Nb5 Ra5 28. Nxc7 Rxe5 29. Bxe5 Bf2 30. Nd5 Be6 31. Nxb6 Bxb6 32. c7 Bf2 33. a4 Bxg3 34. a5 Bc8 35. Kc2 g5 0-1


[Site "https://www.chess.com"]

[Event "Titled Tuesday Blitz October 31 Early 2023"]
[White "Ismagilov, Damir"]
[Black "IsaqueGoncalvesSanto"]
[WhiteFideId "34199982"]
[WhiteElo "2666"]
[BlackElo "1803"]
[Result "1-0"]
[Round "2"]
[TimeControl "180+1"]
[Date "2023.10.31"]
[WhiteClock "0:01:34"]
[BlackClock "0:00:26"]
[Board "93"]

1. g3 e6 2. Bg2 d5 3. d4 Nf6 4. c4 c6 5. Nc3 Bb4 6. cxd5 exd5 7. Nf3 Ne4 8. Bd2 Nxd2 9. Qxd2 O-O 10. O-O Bf5 11. Ne5 Nd7 12. a3 Ba5 13. b4 Bb6 14. Nxd7 Qxd7 15. Na4 Bd8 16. Nc5 Qc8 17. Rac1 Bf6 18. b5 Rb8 19. e3 Bh3 20. bxc6 bxc6 21. Qa5 Bxg2 22. Kxg2 h5 23. h4 Qg4 24. Qxa7 Bxh4 25. Qd7 Qg6 26. Rh1 Rfd8 27. Qh3 Be7 28. Qxh5 Qxh5 29. Rxh5 Ra8 30. a4 Rdb8 31. Rch1 g6 32. Rh8+ Kg7 33. R1h7+ Kf6 34. Nd7+ Ke6 35. Nxb8 Rxa4 36. Nxc6 Bf6 37. Rb8 Ra2 38. Rb7 Kd6 39. Rbxf7 Bg5 40. Ne5 Bxe3 41. Rf6# 1-0


[Site "https://www.chess.com"]

[Event "Titled Tuesday Blitz October 31 Early 2023"]
[White "Paravyan, David"]
[Black "Samarth J Rao"]
[WhiteFideId "4194985"]
[BlackFideId "46652370"]
[WhiteElo "3086"]
[BlackElo "2099"]
[Result "1-0"]
[Round "2"]
[TimeControl "180+1"]
[Date "2023.10.31"]
[WhiteClock "0:01:17"]
[BlackClock "0:00:00"]
[Board "94"]

1. e4 c6 2. Ne2 d5 3. Nbc3 e5 4. d4 exd4 5. Qxd4 Nf6 6. Bg5 Be7 7. exd5 cxd5 8. O-O-O Nc6 9. Qd2 O-O 10. Bxf6 Bxf6 11. Nxd5 Be6 12. Nxf6+ Qxf6 13. Qf4 Qg6 14. Ng3 Rac8 15. Bd3 f5 16. Rhe1 Kh8 17. Kb1 a5 18. a3 Qf6 19. Nh5 Qf7 20. Qg5 Nd4 21. Nf4 Ba2+ 22. Ka1 Rxc2 23. Re7 Qg8 24. Ng6+ hxg6 25. Qh4+ Qh7 26. Qxd4 Rcc8 27. Kxa2 1-0


[Site "https://www.chess.com"]

[Event "Titled Tuesday Blitz October 31 Early 2023"]
[White "Caruana, Fabiano"]
[Black "TimGrutter03"]
[WhiteFideId "2020009"]
[WhiteElo "3071"]
[BlackElo "2531"]
[Result "1-0"]
[Round "2"]
[TimeControl "180+1"]
[Date "2023.10.31"]
[WhiteClock "0:02:00"]
[BlackClock "0:00:02"]
[Board "95"]

1. b3 g6 2. Bb2 Nf6 3. Nf3 Bg7 4. g3 O-O 5. Bg2 b6 6. O-O Bb7 7. c4 d6 8. Nc3 e5 9. d4 exd4 10. Nxd4 Bxg2 11. Kxg2 d5 12. e3 dxc4 13. bxc4 c5 14. Ndb5 Nc6 15. Qe2 a6 16. Rad1 Qe7 17. Na3 Nb4 18. Nab1 Rfd8 19. a3 Qb7+ 20. e4 Nc6 21. Nd5 Nxd5 22. cxd5 Nd4 23. Bxd4 cxd4 24. Nd2 Re8 25. Rfe1 f5 26. f3 Rac8 27. Nb3 Qe7 28. Nxd4 Bxd4 29. Rxd4 Qxa3 30. e5 Qc5 31. Red1 Rcd8 32. f4 a5 33. d6 Qc6+ 34. Qf3 Qxf3+ 35. Kxf3 Kf7 36. Rb1 Rb8 37. Rc4 Ke6 38. Rb5 Rec8 39. Rxc8 Rxc8 40. Rxb6 Rc3+ 41. Ke2 Rc2+ 42. Ke3 Rxh2 43. Rb7 Rh1 44. Re7+ Kd5 45. d7 1-0


[Site "https://www.chess.com"]

[Event "Titled Tuesday Blitz October 31 Early 2023"]
[White "Bok, Benjamin"]
[Black "Nilsen, Tobias Lang"]
[WhiteFideId "1017063"]
[BlackFideId "1521624"]
[WhiteElo "2966"]
[BlackElo "2525"]
[Result "1-0"]
[Round "2"]
[TimeControl "180+1"]
[Date "2023.10.31"]
[WhiteClock "0:00:16"]
[BlackClock "0:00:17"]
[Board "96"]

1. d4 d5 2. c4 e6 3. Nc3 c6 4. e3 Nf6 5. Nf3 a6 6. b3 b5 7. Bd3 Bd6 8. O-O O-O 9. e4 dxe4 10. Nxe4 Nxe4 11. Bxe4 Bb7 12. Qc2 h6 13. Ne5 bxc4 14. bxc4 Nd7 15. Rb1 Qc7 16. Nxd7 Qxd7 17. c5 Be7 18. Qb2 Bc8 19. Be3 f5 20. Bf3 f4 21. Bd2 Bf6 22. Bc3 Ra7 23. Qb6 Rc7 24. Rfd1 Qf7 25. Bxc6 Bd8 26. Bf3 g5 27. c6 Qg6 28. d5 g4 29. Be2 f3 30. Bd3 Qh5 31. d6 Rcf7 32. c7 Bh4 33. g3 Bg5 34. Bf1 Qg6 35. Qd4 Bf6 36. Qd3 Qh5 37. Bxf6 Rxf6 38. d7 Bxd7 39. Qxd7 R6f7 40. c8=Q 1-0


[Site "https://www.chess.com"]

[Event "Titled Tuesday Blitz October 31 Early 2023"]
[White "Zhigalko, Sergei"]
[Black "Slade, Theodore"]
[WhiteFideId "13502956"]
[BlackFideId "426547"]
[WhiteElo "2960"]
[BlackElo "2513"]
[Result "1-0"]
[Round "2"]
[TimeControl "180+1"]
[Date "2023.10.31"]
[WhiteClock "0:00:19"]
[BlackClock "0:00:00"]
[Board "97"]

1. e4 e5 2. Nf3 Nc6 3. Bc4 Bc5 4. b4 Bxb4 5. c3 Ba5 6. d4 d6 7. Qb3 Qd7 8. O-O Bb6 9. Nbd2 exd4 10. cxd4 Nxd4 11. Nxd4 Bxd4 12. Rb1 Nf6 13. Nf3 Bb6 14. e5 Ne4 15. exd6 O-O 16. dxc7 Qxc7 17. Ba3 Bc5 18. Bd5 Bxa3 19. Bxe4 Bc5 20. Qc2 Bg4 21. Rxb7 Qc8 22. Bxh7+ Kh8 23. Be4 Bb6 24. Qa4 Qe6 25. Rxb6 Qxb6 26. Bxa8 Bxf3 27. Bxf3 Rd8 28. Qb3 Kg8 29. Qxb6 axb6 30. a4 Rc8 31. Be2 Rc3 32. Bb5 Rb3 33. g3 Rb4 34. Kg2 Rd4 35. h4 Rd6 36. Re1 g6 37. Rc1 Kg7 38. Rc6 Rxc6 39. Bxc6 1-0


[Site "https://www.chess.com"]

[Event "Titled Tuesday Blitz October 31 Early 2023"]
[White "HeroRubiksCube"]
[Black "Drygalov, Sergey"]
[BlackFideId "24171743"]
[WhiteElo "2507"]
[BlackElo "2954"]
[Result "0-1"]
[Round "2"]
[TimeControl "180+1"]
[Date "2023.10.31"]
[WhiteClock "0:01:32"]
[BlackClock "0:02:44"]
[Board "98"]

1. e4 c5 2. Nf3 d6 3. Bb5+ Nd7 4. c3 Nf6 5. Qe2 a6 6. Ba4 b5 7. Bc2 c4 8. O-O Bb7 9. a4 e6 10. axb5 axb5 11. Rxa8 Qxa8 12. d4 Bxe4 13. Na3 Bxc2 14. Qxc2 Qc6 15. b3 d5 16. bxc4 bxc4 17. Qe2 Be7 18. Nc2 O-O 19. Bf4 Ne4 20. Qe3 Qa4 21. Nce1 Qa3 22. Ne5 Nxe5 23. Bxe5 Qxc3 24. Qf4 Nd2 25. Qg4 g6 26. h4 Nxf1 27. h5 Qxe1 0-1


[Site "https://www.chess.com"]

[Event "Titled Tuesday Blitz October 31 Early 2023"]
[White "Sjugirov, Sanan"]
[Black "Goltseva, Ekaterina"]
[WhiteFideId "4189302"]
[BlackFideId "24173770"]
[WhiteElo "2951"]
[BlackElo "2509"]
[Result "1-0"]
[Round "2"]
[TimeControl "180+1"]
[Date "2023.10.31"]
[WhiteClock "0:00:29"]
[BlackClock "0:00:03"]
[Board "99"]

1. d4 d5 2. c4 dxc4 3. Nf3 a6 4. e3 Bg4 5. Bxc4 e6 6. O-O Nf6 7. Nbd2 Nc6 8. h3 Bh5 9. Be2 Bd6 10. Nc4 O-O 11. b3 Qe8 12. Bb2 Rd8 13. Rc1 Nb4 14. Nxd6 cxd6 15. Qd2 Nbd5 16. Ba3 Ne4 17. Qb2 Qe7 18. Rfe1 Rc8 19. Rxc8 Rxc8 20. Rc1 Ndc3 21. Bd3 Qd8 22. Bxd6 Qxd6 23. g4 Bg6 24. Ne5 Rc7 25. f3 Ng3 26. Rxc3 Bxd3 27. Rxc7 Qxc7 28. Nxd3 h5 29. Kg2 h4 30. Qc1 Qd6 31. Qc2 Kh7 32. Ne5+ Kg8 33. Qc8+ Kh7 34. Nxf7 Qd5 35. Qh8+ Kg6 36. Ne5+ Kf6 37. Qf8+ Kg5 38. Qxg7# 1-0


[Site "https://www.chess.com"]

[Event "Titled Tuesday Blitz October 31 Early 2023"]
[White "Miszler, Levente"]
[Black "Llorente Zaro, Alfonso"]
[WhiteFideId "763276"]
[BlackFideId "2254131"]
[WhiteElo "2421"]
[BlackElo "2778"]
[Result "0-1"]
[Round "2"]
[TimeControl "180+1"]
[Date "2023.10.31"]
[WhiteClock "0:02:22"]
[BlackClock "0:01:58"]
[Board "100"]

1. Nf3 e6 2. d4 f5 3. Bf4 Nf6 4. e3 d5 5. h3 Bd6 6. Nbd2 O-O 7. Ne5 Nbd7 8. Bh2 Ne4 9. f3 Qh4+ 10. Ke2 Qf2+ 11. Kd3 Bxe5 12. fxe4 fxe4+ 13. Kc3 Qxe3+ 14. Kb4 a5+ 15. Ka4 Nb6+ 16. Kb5 Bd7+ 17. Kc5 Na4# 0-1


[Site "https://www.chess.com"]